AoeStats
← ivo

MegaRandom

504486955Analyzed
1v1 RM · 26d ago on Sep 5, 2026· 20m 56s· 2 players
Game mode
Random Map
Map size
Tiny (2 player)
Population
200
Speed
Normal
Resources
Standard
Victory
Conquest
Starting age
Dark Age
Ending age
Imperial Age
RankedLock teamsTeams togetherTeam positionsShared explorationLock speedFull tech treeHidden civsTurbo modeCheats
Victory
Defeat
🇭🇺 Cumans · Hungary
1028
+18
🇬🇧 Vikings · United Kingdom
1069
-18
ivo
4:31 Loom
10:45 Feudal Age
16:50 Wheelbarrow
19:44 Castle Age
19:30 Scale Barding Armor
20:43 Wheelbarrow
Anicient Bolt
0:35 Loom
11:02 Feudal Age
12:18 Man-at-Arms
15:13 Double-Bit Axe
23:20 Castle Age
Connection lost

Rejoining the realm…

Still unreachable

The connection could not be restored.

Session expired

The server has moved on; the page needs a fresh start.